 Dungeon Crawl Stone Soup version 0.27-a0-1416-g941b2bd30b (webtiles) character file.

Game seed: 7028497378409246176

130 mandarbmax the Gusty (level 5, -1/28 HPs)
             Began as a Tengu Air Elementalist on July 2, 2021.
             Killed from afar by an orc wizard (9 damage)
             ... with a magic dart
             ... on level 4 of the Dungeon.
             The game lasted 00:09:08 (4201 turns).

mandarbmax the Gusty (Tengu Air Elementalist)       Turns: 4201, Time: 00:09:09

Health: -1/28      AC:  2    Str:  9    XL:     5   Next: 13%
Magic:  17/18      EV: 14    Int: 16    God:
Gold:   80         SH:  0    Dex: 14    Spells: 2/8 levels left

rFire    . . .     SeeInvis .   i - +1 short sword (venom)
rCold    . . .     Faith    .   (no shield)
rNeg     . . .     Spirit   .   a - +0 robe
rPois    .         Reflect  .   (helmet restricted)
rElec    .         Harm     .   (no cloak)
rCorr    .         Rampage  .   (no gloves)
Will     .....                  (boots unavailable)
Stlth    +.........             (no amulet)
HPRegen  0.09/turn              o - ring of wizardry
MPRegen  0.16/turn              p - ring of magical power

@: confused, ambrosia-drunk, flying quickly and evasively, quick
A: beak, talons 3, nimble flight
a: no special abilities


You were on level 4 of the Dungeon.
You visited 1 branch of the dungeon, and saw 4 of its levels.

You collected 80 gold pieces.

Inventory:

Hand Weapons
 i - a +1 short sword of venom (weapon)
Armour
 a - a +0 robe (worn)
Jewellery
 g - a ring of see invisible
 n - a +6 ring of strength
 o - a ring of wizardry (left hand)
 p - a ring of magical power (right hand)
Scrolls
 b - a scroll of teleportation {unknown}
 c - a scroll of vulnerability {unknown}
 e - 2 scrolls of enchant weapon {unknown}
 h - a scroll of acquirement {unknown}
 j - a scroll of torment {unknown}
 k - a scroll of identify {unknown}
 l - 2 scrolls of immolation {unknown}
 m - a scroll of noise {unknown}
 q - a scroll of fog {unknown}
Potions
 f - a potion of haste {unknown}


   Skills:
 - Level 2.1 Dodging
 - Level 2.0 Stealth
 - Level 2.0 Spellcasting
 + Level 5.3 Conjurations
 + Level 5.3 Air Magic


You had 2 spell levels left.
You knew the following spells:

 Your Spells              Type           Power      Damage    Failure   Level
a - Shock                 Conj/Air       72%        1d7       1%          1
b - Static Discharge      Conj/Air       18%        N/A       1%          2
c - Swiftness             Air            18%        N/A       2%          3

Your spell library contained the following spells:

 Spells                   Type           Power      Damage    Failure   Level
 Magic Dart               Conj           72%        1d6       1%          1
 Searing Ray              Conj           36%        3d4       1%          2
 Foxfire                  Conj/Fire      40%        2x1d6     2%          1
 Conjure Flame            Conj/Fire      10%        6-21      9%          3
 Airstrike                Air            9%         N/A       9%          4
 Inner Flame              Hex/Fire       1%         N/A       24%         3
 Portal Projectile        Hex/Tloc       2%         N/A       24%         3
 Fulminant Prism          Conj/Hex       5%         3d7       26%         4
 Lightning Bolt           Conj/Air       9%         1d21      26%         5
 Blade Hands              Tmut           0%         N/A       89%         5
 Excruciating Wounds      Necr           0%         N/A       89%         5


Dungeon Overview and Level Annotations

Branches:
Dungeon (4/15)
 Temple: D:4-7

Altars:

Shops:
D:1 ?


Innate Abilities, Weirdness & Mutations

You have a beak for a mouth.
You have claws for feet.
Your magical nature lets you fly swiftly and evasively.


Message History

The zap hits the quokka.
You kill the quokka!
You can't see any susceptible monsters within range! (Use Z to cast anyway.)
An orc wizard comes into view. It is wielding a +2 antimagic dagger.
The zap hits the orc wizard.
The orc wizard is lightly wounded.
The orc wizard shouts!
You miscast Shock.
You are very lightly contaminated with residual magic.
Nothing appears to happen.
You can't see any susceptible monsters within range! (Use Z to cast anyway.)
An orc comes into view. It is wielding a +0 flail.
The zap hits the orc wizard!
The orc wizard is heavily wounded.
The zap hits the orc wizard.
The orc wizard is almost dead.
The orc shouts!
The zap misses the orc wizard.
The orc wizard points at you and mumbles some strange words.
The magic dart hits you!
The zap hits the orc wizard but does no damage.
The orc wizard is almost dead.
The orc wizard gestures at you while chanting.
You are confused.
You're too confused to cast spells.
The orc wizard points at you and mumbles some strange words.
The magic dart hits you!
You bump into the rock wall.
Your magical contamination has completely faded away.
You bump into the rock wall.
The orc wizard casts a spell at you. The magic dart hits you!
* * * LOW HITPOINT WARNING * * *
Unknown command.
It was a potion of ambrosia.
You are more confused.
You feel invigorated.
The orc wizard gestures at you while chanting.
The magic dart hits you!
You die...

#.###.# #...##
#.# #.###
#...#. ..#
#.#.. #...#.
######.#.#
#...#. #.#.#.#
#.....
#####...#.#
#.....
#.........#
#...).
#.###.######
#.....
###..@.........
#.....
#.........####.
#..<..
#.####o##.#
#..#.. #
#...o.#.#
#..#..
#.##..#.#
#..#.. # #..# #
#..#.. ...†
#..#.. #..#)
#..... #..#.#
##.#.#


You could see an orc wizard and an orc.

Vanquished Creatures
  4 adders (D:3)
  A worm (D:2)
  12 orcs
  4 bats
  2 endoplasms (D:4)
  3 giant cockroaches
  5 goblins
  8 hobgoblins
  7 jackals
  6 quokkas
  5 ball pythons
  2 frilled lizards
  9 kobolds
  3 rats
71 creatures vanquished.

Notes
Turn   | Place    | Note
-------+----------+-------------------------------------------
     0 | D:1      | mandarbmax the Tengu Air Elementalist began the quest for
                  | the Orb.
     0 | D:1      | Reached XP level 1. HP: 10/10 MP: 4/4
   325 | D:1      | Reached XP level 2. HP: 15/15 MP: 3/6
   369 | D:1      | Found Gafinixkecw's Magic Scroll Shop.
   540 | D:1      | Learned a level 2 spell: Static Discharge
  1411 | D:2      | Reached XP level 3. HP: 19/19 MP: 2/7
  2481 | D:3      | Reached XP level 4. HP: 24/24 MP: 5/8
  2519 | D:3      | Found a faded altar of an unknown god.
  3221 | D:3      | Reached skill level 5 in Air Magic
  3338 | D:3      | Reached skill level 5 in Conjurations
  3814 | D:4      | Gained mutation: Your magical nature lets you fly swiftly
                  | and evasively. [Tengu growth]
  3814 | D:4      | Reached XP level 5. HP: 28/28 MP: 9/9
  3818 | D:4      | Learned a level 3 spell: Swiftness
  4201 | D:4      | Killed from afar by an orc wizard

Illustrated notes

Levels and vault maps discovered:
D:1:      dpeg_arrival_stone_temple_mockup, layout_loops_ring, serial_shops,
          shop
D:2:      layout_loops_ring, palyth_stone_intersect
D:3:      layout_basic, hellmonk_ecumenical_altar_heavens_door
D:4:      layout_basic

Skill      XL: |  1  2  3  4 |
---------------+-------------+-----
Conjurations   | 2 3 4 5 |  5.3
Air Magic      | 5 |  5.3
Dodging        | |  2.1
Stealth        | |  2.0
Spellcasting   | |  2.0

Action                   |  1- 3 |  4- 6 || total
-------------------------+-------+-------++-------
Melee: Unarmed           |     3 |       ||     3
       Short sword       |     6 |     6 ||    12
       Peck              |     2 |       ||     2
       Kick              |     1 |     3 ||     4
 Cast: Shock             |    79 |    57 ||   136
       Static Discharge  |     1 |     5 ||     6
  Use: Potion            |       |     6 ||     6
 Stab: Sleeping          |       |     1 ||     1
Armor: Robe              |     4 |       ||     4
       Skin              |       |     6 ||     6
Dodge: Dodged            |    14 |    11 ||    25

Table legend: (Time is in decaauts)
 A = Elapsed time spent in this place.
 B = Non-inter-level travel time spent in this place.
 C = Inter-level travel time spent in this place.
 D = Time resting spent in this place.
 E = Time spent auto-exploring this place.
 F = Levels seen in this place.
 G = Mean time per level.
                   A        B        C        D        E       F      G
               +--------+--------+--------+--------+--------+-----+--------+
         Total |   4177 |   4096 |     81 |    774 |   3000 |   4 | 1044.2 |
       Dungeon |   4177 |   4096 |     81 |    774 |   3000 |   4 | 1044.2 |
               +--------+--------+--------+--------+--------+-----+--------+

Top non-repeatable levels by time:
     D:3: 1426 daAuts
     D:1: 1394 daAuts
     D:2: 990 daAuts
     D:4: 367 daAuts
